TOP OF THE 1ST |
Washington Huskies batting - Pitching for Baylor Bears : RHP Doug Roberts
|
Pitching: RHP Doug Roberts
|
|
Batting: SHB Jason Ashley
|
0-0: Ball 1-0: Swinging Strike 1-1: Ball 2-1: Fly out, F8 (Flyball, 8LM)
|
Batting: RHB Shawn Shirley
|
0-0: Called Strike 0-1: Ball 1-1: Ball 2-1: Fly out, F3 (Popup, 3SF)
|
Batting: RHB Jesús López
|
0-0: Swinging Strike 0-1: Ball 1-1: Ball 2-1: Called Strike 2-2: Fly out, F5 (Popup, 5L)
|
Top of the 1st over - 0 runs, 0 hits, 0 errors, 0 left on base; Washington 0 - Baylor 0 |
BOTTOM OF THE 1ST |
Baylor Bears batting - Pitching for Washington Huskies : RHP Marvin Hopper
|
Pitching: RHP Marvin Hopper
|
|
Batting: RHB Reed Allen
|
0-0: Fly out, F9 (Flyball, 9D)
|
Batting: RHB Richard Jeffries
|
0-0: Foul Ball, location: 2F 0-1: Swinging Strike 0-2: Foul Ball, location: 2F 0-2: Ground out 6-3 (Groundball, 6)
|
Batting: RHB Gerald Taylor
|
0-0: Ball 1-0: Fly out, F7 (Flyball, 78M)
|
Bottom of the 1st over - 0 runs, 0 hits, 0 errors, 0 left on base; Washington 0 - Baylor 0 |
TOP OF THE 2ND |
Washington Huskies batting - Pitching for Baylor Bears : RHP Doug Roberts
|
Batting: RHB Eric Combie
|
0-0: Ball 1-0: Ground out 6-3 (Groundball, 6MD)
|
Batting: RHB Fernando Ornelas
|
0-0: Called Strike 0-1: Called Strike 0-2: Strikes out swinging
|
Batting: RHB Jesse Moody
|
0-0: DOUBLE (Flyball, 78D)
|
Batting: RHB Burt Scott
|
0-0: Ball 1-0: Ball 2-0: Called Strike 2-1: Fly out, F8 (Flyball, 89M)
|
Top of the 2nd over - 0 runs, 1 hit, 0 errors, 1 left on base; Washington 0 - Baylor 0 |
BOTTOM OF THE 2ND |
Baylor Bears batting - Pitching for Washington Huskies : RHP Marvin Hopper
|
Batting: LHB Alan Jones
|
0-0: Foul Ball, location: 2F 0-1: Ball 1-1: Called Strike 1-2: Strikes out swinging
|
Batting: RHB Doug Carter
|
0-0: Ball 1-0: Fly out, F7 (Flyball, 78D)
|
Batting: RHB Santiago Hernández
|
0-0: Called Strike 0-1: Ball 1-1: Ball 2-1: Ball 3-1: Foul Ball, location: 2F 3-2: Strikes out swinging
|
Bottom of the 2nd over - 0 runs, 0 hits, 0 errors, 0 left on base; Washington 0 - Baylor 0 |
TOP OF THE 3RD |
Washington Huskies batting - Pitching for Baylor Bears : RHP Doug Roberts
|
Batting: RHB Enrique Rodríguez
|
0-0: Ball 1-0: Foul Ball, location: 2F 1-1: Ball 2-1: Foul Ball, location: 2F 2-2: Fly out, F8 (Line Drive, 8LD)
|
Batting: RHB Rafael Barrios
|
0-0: Ball 1-0: Called Strike 1-1: Ball 2-1: Swinging Strike 2-2: Foul Ball, location: 2F 2-2: Strikes out looking
|
Batting: SHB Jason Ashley
|
0-0: Foul Ball, location: 2F 0-1: Foul Ball, location: 2F 0-2: Ground out 5-3 (Groundball, 5L)
|
Top of the 3rd over - 0 runs, 0 hits, 0 errors, 0 left on base; Washington 0 - Baylor 0 |
BOTTOM OF THE 3RD |
Baylor Bears batting - Pitching for Washington Huskies : RHP Marvin Hopper
|
Batting: RHB Denny Dennis
|
0-0: Called Strike 0-1: Fly out, F9 (Flyball, 9LMF)
|
Batting: RHB Bryan Clifton
|
0-0: Called Strike 0-1: DOUBLE (Line Drive, 9LM)
|
Batting: RHB Steve Ramírez
|
0-0: Called Strike 0-1: Ground out 6-3 (Groundball, 6)
|
Batting: RHB Reed Allen
|
0-0: SINGLE (Line Drive, 6MD) Bryan Clifton to third
|
Batting: RHB Richard Jeffries
|
0-0: Ball 1-0: Ball 2-0: Ball 3-0: Called Strike 3-1: Base on Balls Reed Allen to second
|
Batting: RHB Gerald Taylor
|
0-0: Called Strike 0-1: Called Strike 0-2: Strikes out looking
|
Bottom of the 3rd over - 0 runs, 2 hits, 0 errors, 3 left on base; Washington 0 - Baylor 0 |
TOP OF THE 4TH |
Washington Huskies batting - Pitching for Baylor Bears : RHP Doug Roberts
|
Batting: RHB Shawn Shirley
|
0-0: Called Strike 0-1: Swinging Strike 0-2: DOUBLE (Line Drive, 7)
|
Batting: RHB Jesús López
|
0-0: Ball 1-0: Swinging Strike 1-1: Called Strike 1-2: Strikes out swinging
|
Batting: RHB Eric Combie
|
0-0: Called Strike 0-1: Ball 1-1: Ball 2-1: Ball 3-1: Foul Ball, location: 2F 3-2: Strikes out swinging
|
Batting: RHB Fernando Ornelas
|
0-0: Ball Wild Pitch! Shawn Shirley to third 1-0: Ball 2-0: Fly out, F4 (Line Drive, 4)
|
Top of the 4th over - 0 runs, 1 hit, 0 errors, 1 left on base; Washington 0 - Baylor 0 |
BOTTOM OF THE 4TH |
Baylor Bears batting - Pitching for Washington Huskies : RHP Marvin Hopper
|
Batting: LHB Alan Jones
|
0-0: Ball 1-0: Fly out, F9 (Flyball, 9D)
|
Batting: RHB Doug Carter
|
0-0: Fly out, F6 (Popup, 6MD)
|
Batting: RHB Santiago Hernández
|
0-0: Reached on error, E6 (Groundball, 6)
|
Batting: RHB Denny Dennis
|
0-0: Foul Ball, location: 2F 0-1: Called Strike 0-2: Foul Ball, location: 2F 0-2: Ball 1-2: Strikes out swinging
|
Bottom of the 4th over - 0 runs, 0 hits, 1 error, 1 left on base; Washington 0 - Baylor 0 |
TOP OF THE 5TH |
Washington Huskies batting - Pitching for Baylor Bears : RHP Doug Roberts
|
Batting: RHB Jesse Moody
|
0-0: Ball 1-0: Swinging Strike 1-1: Ground out 5-3 (Groundball, 56S)
|
Batting: RHB Burt Scott
|
0-0: Ball 1-0: Called Strike 1-1: Fly out, F3 (Popup, 3F)
|
Batting: RHB Enrique Rodríguez
|
0-0: Ball 1-0: Foul Ball, location: 2F 1-1: Ball 2-1: Foul Ball, location: 2F 2-2: Ball 3-2: Base on Balls
|
Batting: RHB Rafael Barrios
|
0-0: Ball 1-0: SINGLE (Groundball, 4MD) Enrique Rodríguez to second
|
Batting: SHB Jason Ashley
|
0-0: Ball 1-0: Called Strike 1-1: SINGLE (Flyball, 7S) Enrique Rodríguez to third Rafael Barrios to second Runner from 3rd tries for Home, SAFE, no throw
|
Batting: RHB Shawn Shirley
|
0-0: SINGLE (Flyball, 78S) Rafael Barrios to third Jason Ashley to second Runner from 3rd tries for Home, throw and OUT!
|
Top of the 5th over - 1 run, 3 hits, 0 errors, 2 left on base; Washington 1 - Baylor 0 |
BOTTOM OF THE 5TH |
Baylor Bears batting - Pitching for Washington Huskies : RHP Marvin Hopper
|
Batting: RHB Bryan Clifton
|
0-0: Foul Ball, location: 2F 0-1: Ball 1-1: SINGLE (Line Drive, 3D)
|
Batting: RHB Steve Ramírez
|
0-0: Ball 1-0: SINGLE (Flyball, 9LS) Bryan Clifton to second
|
Batting: RHB Reed Allen
|
0-0: Grounds into double play, 6-4-3 (Groundball, 6M) Bryan Clifton to third
|
Batting: RHB Richard Jeffries
|
0-0: Foul Ball, location: 2F 0-1: Foul Ball, location: 2F 0-2: Strikes out swinging
|
Bottom of the 5th over - 0 runs, 2 hits, 0 errors, 1 left on base; Washington 1 - Baylor 0 |
TOP OF THE 6TH |
Washington Huskies batting - Pitching for Baylor Bears : RHP Doug Roberts
|
Batting: RHB Jesús López
|
0-0: Ball 1-0: Foul Ball, location: 2F 1-1: Ball 2-1: Foul Ball, location: 2F 2-2: Ground out 4-3 (Groundball, 4)
|
Batting: RHB Eric Combie
|
0-0: Ball 1-0: Ball 2-0: Called Strike 2-1: Foul Ball, location: 2F 2-2: Foul Ball, location: 2F 2-2: Fly out, F7 (Flyball, 78M)
|
Batting: RHB Fernando Ornelas
|
0-0: Ball 1-0: Foul Ball, location: 2F 1-1: Ball 2-1: Called Strike 2-2: Strikes out swinging
|
Top of the 6th over - 0 runs, 0 hits, 0 errors, 0 left on base; Washington 1 - Baylor 0 |
BOTTOM OF THE 6TH |
Baylor Bears batting - Pitching for Washington Huskies : RHP Marvin Hopper
|
Batting: RHB Gerald Taylor
|
0-0: Ball 1-0: Called Strike 1-1: Foul Ball, location: 2F 1-2: Fly out, F7 (Flyball, 78D)
|
Batting: LHB Alan Jones
|
0-0: Ball 1-0: Foul Ball, location: 2F 1-1: Foul Ball, location: 2F 1-2: Foul Ball, location: 2F 1-2: Strikes out looking
|
Batting: RHB Doug Carter
|
0-0: Called Strike 0-1: SOLO HOME RUN (Flyball, 7D), Distance : 351 ft
|
Batting: RHB Santiago Hernández
|
0-0: Foul Ball, location: 2F 0-1: Ball 1-1: Called Strike 1-2: Ball 2-2: Ground out 4-3 (Groundball, 4M)
|
Bottom of the 6th over - 1 run, 1 hit, 0 errors, 0 left on base; Washington 1 - Baylor 1 |
TOP OF THE 7TH |
Washington Huskies batting - Pitching for Baylor Bears : RHP Doug Roberts
|
Pitching: RHP John Dukes
|
|
Batting: RHB Jesse Moody
|
0-0: Ball 1-0: Ball 2-0: SINGLE (Groundball, 6MD)
|
Batting: RHB Burt Scott
|
0-0: Ball 1-0: Ball 2-0: Bunted foul 2-1: Ball 3-1: Sac Bunt - play at second, runner safe!
|
Batting: RHB Enrique Rodríguez
|
0-0: Ball 1-0: Sac Bunt - play at first, batter OUT! 5-4 Jesse Moody to third Burt Scott to second
|
Batting: RHB Rafael Barrios
|
0-0: Intentional Walk
|
Batting: SHB Jason Ashley
|
0-0: Swinging Strike 0-1: Swinging Strike 0-2: Ball 1-2: Ball 2-2: Ball 3-2: Base on Balls Jesse Moody scores Burt Scott to third Rafael Barrios to second
|
Batting: RHB Shawn Shirley
|
0-0: Foul Ball, location: 2F 0-1: Ball 1-1: Called Strike 1-2: Strikes out looking
|
Batting: RHB Jesús López
|
0-0: Foul Ball, location: 2F 0-1: Called Strike 0-2: Ball Passed Ball! Burt Scott scores Rafael Barrios to third Jason Ashley to second 1-2: Ball 2-2: Ball 3-2: Base on Balls
|
Batting: RHB Eric Combie
|
0-0: Called Strike 0-1: Swinging Strike 0-2: Strikes out swinging
|
Top of the 7th over - 2 runs, 1 hit, 0 errors, 3 left on base; Washington 3 - Baylor 1 |
BOTTOM OF THE 7TH |
Baylor Bears batting - Pitching for Washington Huskies : RHP Marvin Hopper
|
Batting: RHB Denny Dennis
|
0-0: Foul Ball, location: 2F 0-1: Foul Ball, location: 2F 0-2: Ball 1-2: Strikes out swinging
|
Batting: RHB Bryan Clifton
|
0-0: Called Strike 0-1: Ball 1-1: Ball 2-1: Ball 3-1: Called Strike 3-2: Base on Balls
|
Batting: RHB Steve Ramírez
|
0-0: Foul Ball, location: 2F 0-1: Ball 1-1: Foul Ball, location: 2F 1-2: Ball 2-2: Ball 3-2: Strikes out swinging
|
Pitching: RHP Jake Gardner
|
|
Batting: RHB Reed Allen
|
0-0: Foul Ball, location: 2F 0-1: Ball 1-1: Ball 2-1: Foul Ball, location: 2F 2-2: Fly out, F3 (Popup, 3SF)
|
Bottom of the 7th over - 0 runs, 0 hits, 0 errors, 1 left on base; Washington 3 - Baylor 1 |
TOP OF THE 8TH |
Washington Huskies batting - Pitching for Baylor Bears : RHP John Dukes
|
Batting: RHB Fernando Ornelas
|
0-0: Swinging Strike 0-1: Ball 1-1: Foul Ball, location: 2F 1-2: Ball 2-2: Foul Ball, location: 2F 2-2: Ball 3-2: Foul Ball, location: 2F 3-2: Strikes out swinging
|
Pitching: LHP Eduardo Álvarez
|
|
Batting: RHB Jesse Moody
|
0-0: SINGLE (Line Drive, 7LS)
|
Batting: RHB Burt Scott
|
0-0: Ground out 6-3 (Groundball, 6) Jesse Moody to second
|
Batting: RHB Enrique Rodríguez
|
0-0: Ball 1-0: Ball 2-0: Called Strike 2-1: Ball 3-1: Base on Balls
|
Pitching: RHP José Aguilar
|
|
Pinch Hitting: SHB Pedro Sousa
|
0-0: SINGLE (Line Drive, 89S) Jesse Moody to third Enrique Rodríguez to second
|
Pitching: LHP David Pérez
|
|
Batting: SHB Jason Ashley
|
0-0: Ball 1-0: Called Strike 1-1: Foul Ball, location: 2F 1-2: Ground out 4-3 (Groundball, 4)
|
Top of the 8th over - 0 runs, 2 hits, 0 errors, 3 left on base; Washington 3 - Baylor 1 |
BOTTOM OF THE 8TH |
Baylor Bears batting - Pitching for Washington Huskies : RHP Jake Gardner
|
Now at SS: Patrick Chávez
|
|
Batting: RHB Richard Jeffries
|
0-0: Ball 1-0: SINGLE (Groundball, 6S) (infield hit)
|
Batting: RHB Gerald Taylor
|
0-0: Swinging Strike 0-1: Ball 1-1: Swinging Strike 1-2: SINGLE (Groundball, 56D) Richard Jeffries to second
|
Pitching: LHP Jorge Nevárez
|
|
Batting: LHB Alan Jones
|
0-0: Ball 1-0: Ball 2-0: Foul Ball, location: 2F 2-1: Called Strike 2-2: Ball 3-2: Strikes out swinging
|
Batting: RHB Doug Carter
|
0-0: Ball 1-0: Ball 2-0: Foul Ball, location: 2F 2-1: Grounds into double play, 6-4-3 (Groundball, 6)
|
Bottom of the 8th over - 0 runs, 2 hits, 0 errors, 1 left on base; Washington 3 - Baylor 1 |
TOP OF THE 9TH |
Washington Huskies batting - Pitching for Baylor Bears : LHP David Pérez
|
Pitching: RHP Tony Reynolds
|
|
Batting: RHB Shawn Shirley
|
0-0: Swinging Strike 0-1: Ball 1-1: Foul Ball, location: 2F 1-2: Strikes out swinging, 2-3 out at first.
|
Batting: RHB Jesús López
|
0-0: DOUBLE (Flyball, 8LD)
|
Batting: RHB Eric Combie
|
0-0: Swinging Strike 0-1: Ball 1-1: Called Strike 1-2: Ball Wild Pitch! Jesús López to third 2-2: Foul Ball, location: 2F 2-2: DOUBLE (Flyball, 9D) Jesús López scores
|
Batting: RHB Fernando Ornelas
|
0-0: Intentional Walk
|
Batting: RHB Jesse Moody
|
0-0: Foul Ball, location: 2F 0-1: Swinging Strike 0-2: Foul Ball, location: 2F 0-2: SINGLE (Line Drive, 8LS) Eric Combie to third Fernando Ornelas to second
|
Batting: RHB Burt Scott
|
0-0: Ball 1-0: Called Strike 1-1: Foul Ball, location: 2F 1-2: Ball 2-2: Grounds into fielders choice 3-2 (Groundball, 3) Fernando Ornelas to third Jesse Moody to second
|
Batting: RHB Enrique Rodríguez
|
0-0: Fly out, F9 (Flyball, 9)
|
Top of the 9th over - 1 run, 3 hits, 0 errors, 3 left on base; Washington 4 - Baylor 1 |
BOTTOM OF THE 9TH |
Baylor Bears batting - Pitching for Washington Huskies : LHP Jorge Nevárez
|
Pitching: LHP Steve Hickman
|
|
Batting: RHB Santiago Hernández
|
0-0: Ball 1-0: Ball 2-0: Ball 3-0: Base on Balls
|
Batting: RHB Denny Dennis
|
0-0: Ball 1-0: Swinging Strike Santiago Hernández is caught stealing 2nd base 1-1: SINGLE (Flyball, 9S)
|
Batting: RHB Bryan Clifton
|
0-0: Ball 1-0: Called Strike 1-1: Called Strike 1-2: Ball 2-2: Ball 3-2: SINGLE (Flyball, 9LS) Denny Dennis to second
|
Pinch Hitting: RHB Will Harris
|
0-0: Ball 1-0: Foul Ball, location: 2F 1-1: Ball 2-1: Foul Ball, location: 2F 2-2: Ball 3-2: Foul Ball, location: 2F 3-2: Base on Balls Denny Dennis to third Bryan Clifton to second
|
Batting: RHB Reed Allen
|
0-0: Ball 1-0: Called Strike 1-1: Ball 2-1: Ball 3-1: Base on Balls Denny Dennis scores Bryan Clifton to third Will Harris to second
|
Batting: RHB Richard Jeffries
|
0-0: Called Strike 0-1: Called Strike 0-2: Ball 1-2: Strikes out looking
|
Batting: RHB Gerald Taylor
|
0-0: Called Strike 0-1: Ball 1-1: Ball 2-1: Ball 3-1: Base on Balls Bryan Clifton scores Will Harris to third Reed Allen to second
|
Batting: LHB Alan Jones
|
0-0: Ball 1-0: Foul Ball, location: 2F 1-1: Fly out, F5 (Popup, 15)
|
Bottom of the 9th over - 2 runs, 2 hits, 0 errors, 3 left on base; Washington 4 - Baylor 3 |
|